 Dungeon Crawl Stone Soup version 0.30-a0-989-g0d87f670db (webtiles) character file.

Game seed: 475932948655326389

1778 bearlyready the Cleaver (level 8, 0/99 HPs)
             Began as an Armataur Berserker on Apr 3, 2023.
             Was an Elder of Trog.
             Succumbed to a kobold's poison
             ... on level 7 of the Dungeon.
             The game lasted 00:06:03 (5978 turns).

bearlyready the Cleaver (Armataur Berserker)        Turns: 5978, Time: 00:06:04

Health: 0/99       AC:  9    Str: 31    XL:     8   Next: 81%
Magic:  8/8        EV:  9    Int:  7    God:    Trog [****..]
Gold:   107        SH:  5    Dex: 10    Spells: 7/7 levels left

rFire   . . .      SeeInvis .    C - +0 war axe
rCold   + . .      Faith    .    (no shield)
rNeg    . . .      Spirit   .    y - +2 ring mail {rC+}
rPois   .          Reflect  +    G - +0 helmet
rElec   .          Roll     +    (no cloak)
rCorr   .                        (no gloves)
Will    .....                    (no barding) Stlth
                                 j - amulet of reflection
HPRegen 0.36/turn                g - +6 ring of strength
MPRegen 0.11/turn                (no ring)

@: berserking, lethally poisoned (0 -> -11), very quick
A: large, rugged brown scales 3, deformed body, armoured tail, roll, long
tongue, awkward tongue
a: Renounce Religion, Berserk, Trog's Hand, Brothers in Arms


You were on level 7 of the Dungeon.
You worshipped Trog.
Trog was greatly pleased with you.
You visited 1 branch of the dungeon, and saw 7 of its levels.

You collected 404 gold pieces.
You spent 297 gold pieces at shops.

Inventory:

Hand Weapons
 C - a +0 war axe (weapon)
Missiles
 c - 44 stones (quivered)
 B - a boomerang
 E - 2 curare-tipped darts
 F - 4 poisoned darts
 J - a throwing net
Armour
 u - a +0 plate armour
 y - a +2 ring mail of cold resistance (worn)
 G - a +0 helmet (worn)
Jewellery
 g - a +6 ring of strength (left hand)
 j - an amulet of reflection (around neck)
Wands
 a - a wand of mindburst (17)
 b - a wand of acid (9)
 D - a wand of charming (8)
Scrolls
 d - 2 scrolls of poison {unknown}
 f - a scroll of magic mapping {unknown}
 k - 2 scrolls of immolation {unknown}
 o - 4 scrolls of teleportation
 q - a scroll of amnesia {unknown}
 r - 2 scrolls of fog {unknown}
 s - a scroll of acquirement {unknown}
 x - 6 scrolls of identify {unknown}
Potions
 e - 2 potions of berserk rage
 h - 6 potions of curing
 i - 3 potions of haste {unknown}
 l - a potion of lignification
 m - 3 potions of flight {unknown}
 n - a potion of cancellation {unknown}
 p - a potion of magic {unknown}
 t - a potion of mutation
 v - a potion of heal wounds {unknown}
 w - 2 potions of degeneration
 z - a potion of resistance {unknown}
 A - 2 potions of might
 H - a potion of brilliance {unknown}
 I - a potion of attraction {unknown}


   Skills:
 - Level 2.6 Fighting
 + Level 9.9 Axes
 - Level 2.4 Armour
 - Level 1.3 Dodging


You had 7 spell levels left.
You didn't know any spells.
Your spell library was empty.

Dungeon Overview and Level Annotations

Branches:
Dungeon (7/15)             Temple (0/1) D:7

Altars:
Cheibriados
Elyvilon
Trog
The Shining One

Shops:
D:1 !


Innate Abilities, Weirdness & Mutations

You are completely covered in rugged brown scales. (AC +3, +7% HP)
Armour fits poorly on your strangely shaped body.
You have a long armoured tail.
You roll when moving toward enemies. (Rampage)
Your long tongue fully drains potion bottles. (2x potion effects)
Your tongue gives you trouble enunciating. (1.5x scroll delay)


Message History

The poisoned dart hits you!
You are more poisoned.
The kobold throws a poisoned dart.
You reflect the poisoned dart off an invisible shield around you!
The poisoned dart closely misses the kobold.
A red film seems to cover your vision as you go berserk!
You feel yourself moving faster!
You feel mighty!
You feel yourself speed up.
You feel extremely sick. The ogre closely misses you.
The kobold hits you with a +0 club.
The kobold throws a poisoned dart.
The poisoned dart hits you!
You are more poisoned.
You barely miss the ogre.
Your tail-slap misses the ogre.
You barely miss the kobold.
You feel very sick. The kobold hits you but does no damage.
The ogre hits you with a +0 giant club!!
* * * LOW HITPOINT WARNING * * *
You slice the ogre!!
The ogre is severely wounded.
You barely miss the kobold. You hit the kobold.
You kill the kobold!
Trog accepts your kill.
You feel very sick.
You barely miss the ogre.
The ogre is severely wounded.
You hit the kobold.
You kill the kobold!
Trog accepts your kill.
You feel very sick. The ogre hits you with a +0 giant club!
* * * LOW HITPOINT WARNING * * *
You are too berserk!
You barely miss the ogre.
The ogre is severely wounded.
* * * LOW HITPOINT WARNING * * *
You feel very sick.
You slash the ogre!
The ogre is almost dead.
You die...

..#
#.#..#.......#.#
..#
#.##.##.....##.#
..#
####.####.####.#
..# #...........#
..# #####.#######
..# ##### #.# ..#
##..)###.# ###
##))#))##.##
#.@.#......#
#..O###...#.#
#.............#
#...#[....#....#
#..###..>..###..#
#.. #.....# .##
#. ........ ## #
...###...


You could see an ogre.

Vanquished Creatures
  A black bear (D:6)
  An ice beast (D:6)
  An orc warrior (D:6)
  An ogre (D:4)
  A phantom (D:5)
  A kobold brigand (D:7)
  3 bullfrogs
  5 scorpions
  5 killer bees
  2 orc priests
  5 hounds
  Natasha (thrice) (D:2)
  5 orc wizards
  6 adders
  A shadow imp (D:5)
  An ufetubus (D:4)
  3 worms
  A dart slug (D:4)
  16 orcs
  8 endoplasms
  7 giant cockroaches
  4 goblins
  6 hobgoblins
  6 jackals (D:3)
  A quokka (D:1)
  3 ball pythons
  14 bats
  3 frilled lizards
  8 kobolds
  10 rats
132 creatures vanquished.

Vanquished Creatures (others)
  An adder (D:6)
  A quokka (D:6)
  15 fungi (D:4)
17 creatures vanquished.

Grand Total: 149 creatures vanquished

Notes
Turn   | Place    | Note
-------+----------+-------------------------------------------
     0 | D:1      | bearlyready the Armataur Berserker began the quest for the
                  | Orb.
     0 | D:1      | Reached XP level 1. HP: 19/19 MP: 1/1
   117 | D:1      | Found Touj Luu's Distillery.
   177 | D:1      | Reached skill level 3 in Axes
   177 | D:1      | Reached XP level 2. HP: 20/26 MP: 2/2
   761 | D:2      | Noticed Natasha
   764 | D:2      | Killed Natasha
   765 | D:2      | Reached XP level 3. HP: 32/32 MP: 3/3
   768 | D:2      | Reached ** piety under Trog
   784 | D:2      | Reached skill level 4 in Axes
   805 | D:2      | Noticed Natasha
   808 | D:2      | Killed Natasha
   809 | D:2      | Reached XP level 4. HP: 37/39 MP: 4/4
   994 | D:2      | Noticed Natasha
  1004 | D:2      | Killed Natasha
  1548 | D:3      | Found a bloodstained altar of Trog.
  1724 | D:3      | Reached XP level 5. HP: 44/44 MP: 5/5
  1761 | D:3      | Reached skill level 5 in Axes
  1771 | D:3      | Reached *** piety under Trog
  2583 | D:4      | Found a snail-covered altar of Cheibriados.
  2583 | D:4      | Noticed an ogre
  2600 | D:4      | Killed an ogre
  2601 | D:4      | Reached skill level 6 in Axes
  2601 | D:4      | Reached XP level 6. HP: 53/53 MP: 6/6
  2858 | D:4      | Reached XP level 7. HP: 51/59 MP: 7/7
  2874 | D:4      | Reached skill level 7 in Axes
  3194 | D:5      | Entered Level 5 of the Dungeon
  4075 | D:5      | Reached skill level 8 in Axes
  4266 | D:6      | Reached XP level 8. HP: 25/66 MP: 8/8
  4345 | D:1      | Bought a potion of curing for 33 gold pieces
  4345 | D:1      | Bought a potion of curing for 33 gold pieces
  4345 | D:1      | Bought a potion of lignification for 33 gold pieces
  4345 | D:1      | Bought a potion of degeneration for 11 gold pieces
  4345 | D:1      | Bought a potion of mutation for 88 gold pieces
  4345 | D:1      | Bought a potion of might for 44 gold pieces
  4345 | D:1      | Bought a potion of berserk rage for 55 gold pieces
  4772 | D:6      | Reached skill level 9 in Axes
  4908 | D:6      | Found a white marble altar of Elyvilon.
  5167 | D:6      | You fall into a shaft and drop 1 floor!
  5530 | D:6      | Reached **** piety under Trog
  5887 | D:7      | Found a glowing golden altar of the Shining One.
  5956 | D:7      | Found a staircase to the Ecumenical Temple.
  5977 | D:7      | HP: 2/99 [poisoned by a kobold]
  5978 | D:7      | Succumbed to a kobold's poison

Illustrated notes

Levels and vault maps discovered:
D:1:      noname_arrival_rooms_in_the_neighbourhood, layout_loops_ring,
          serial_shops, shop
D:2:      layout_basic, serial_rivers, chequers_serial_rivers_marsh,
          chequers_serial_rivers_micro_d, chequers_serial_rivers_room_b,
          chequers_serial_rivers_large_a, chequers_serial_rivers_micro_e,
          chequers_serial_rivers_small_a, uniq_natasha
D:3:      layout_loops_ring, amcnicky_altar_gilded
D:4:      old_forge, layout_loops_ring,
          mainiacjoe_overflow_concentric_impassable, kennysheep_generic_room_10
D:5:      layout_basic, serial_glass, glass_columns_b, glass_columns_a
D:6:      hellmonk_crumbling_castle, layout_loops_ring, elyvilon_altar_4,
          serial_co_window_serial, co_window_paths_a, co_window_paths_b,
          co_window_paths_b, co_window_paths_a, co_window_paths_a,
          co_window_corner_a, co_window_of_opportunity_a, co_window_cross_3,
          co_window_2corner, co_window_paths_d, glass_columns_b,
          glass_columns_b, glass_columns_a, glass_columns_c
D:7:      layout_basic, old_standard_altar, minmay_temple_entry_tees,
          david_defended_altar_orc, uniq_prince_ribbit1, uniq_joseph

Skill      XL: |  1  2  3  4  5  6  7  8 |
---------------+-------------------------+-----
Axes           | 3 4 6 8 9 |  9.9
Fighting       | |  2.6
Armour         | |  2.4
Dodging        | |  1.3

Action                     |  1- 3 |  4- 6 |  7- 9 || total
---------------------------+-------+-------+-------++-------
  Melee: Hand axe          |    64 |   113 |       ||   177
         Tailslap          |    10 |    12 |    15 ||    37
         Punch             |       |     1 |     1 ||     2
         War axe           |       |    17 |   171 ||   188
 Invoke: Berserk           |       |     2 |     4 ||     6
    Use: Scroll            |       |       |     1 ||     1
 Armour: Animal skin       |     9 |       |       ||     9
         Leather armour    |    17 |     7 |       ||    24
         Scale mail        |       |    22 |       ||    22
         Ring mail         |       |    23 |    86 ||   109
  Dodge: Dodged            |    23 |    49 |    95 ||   167
  Block: Other             |       |     6 |    52 ||    58
         Reflection        |       |       |     1 ||     1

Table legend: (Time is in decaauts)
 A = Elapsed time spent in this place.
 B = Non-inter-level travel time spent in this place.
 C = Inter-level travel time spent in this place.
 D = Time resting spent in this place.
 E = Time spent auto-exploring this place.
 F = Levels seen in this place.
 G = Mean time per level.
                   A        B        C        D        E       F      G
               +--------+--------+--------+--------+--------+-----+--------+
         Total |   6071 |   5688 |    383 |    311 |   4453 |   7 |  867.3 |
       Dungeon |   6071 |   5688 |    383 |    311 |   4453 |   7 |  867.3 |
               +--------+--------+--------+--------+--------+-----+--------+

Top non-repeatable levels by time:
     D:6: 1347 daAuts
     D:5: 1190 daAuts
     D:4: 961 daAuts
     D:2: 872 daAuts
     D:3: 812 daAuts
     D:1: 720 daAuts
     D:7: 165 daAuts
